 Dungeon Crawl Stone Soup version 0.29-a0-96-g93358da72b (webtiles) character file.

Game seed: 14226064930915558916

46 siradein the Ruffian (level 3, 0/29 HPs)
             Began as a Draconian Transmuter on Feb 11, 2022.
             Succumbed to Sigmund's poison
             ... on level 2 of the Dungeon.
             The game lasted 00:03:22 (1422 turns).

siradein the Ruffian (Draconian Transmuter)         Turns: 1422, Time: 00:03:22

Health: 0/29       AC:  5    Str: 12    XL:     3   Next: 44%
Magic:  5/6        EV: 12    Int: 15    God:
Gold:   89         SH:  0    Dex: 11    Spells: 3/6 levels left

rFire   + . .      SeeInvis .     - Unarmed
rCold   . . .      Faith    .   (no shield)
rNeg    . . .      Spirit   .   (armour unavailable)
rPois   .          Reflect  .   (helmet restricted)
rElec   .          Harm     .   (no cloak)
rCorr   .          Rampage  .   (no gloves)
Will    .....                   (no boots)
Stlth   +.........              (no amulet)
HPRegen 0.09/turn               f - ring of protection from fire
MPRegen 0.10/turn               (no ring)

@: confused, lethally poisoned (0 -> -4)
A: AC +5, unfitting armour, cold-blooded
a: no special abilities


You were on level 2 of the Dungeon.
You visited 1 branch of the dungeon, and saw 2 of its levels.

You collected 89 gold pieces.

Inventory:

Jewellery
 f - a ring of protection from fire (left hand)
Scrolls
 a - a scroll of fog {unknown}
 b - a scroll of teleportation {unknown}
Potions
 c - a potion of attraction {unknown}
 d - a potion of mutation {unknown}
 e - a potion of might {unknown}


   Skills:
 + Level 1.9 Fighting
 + Level 2.2 Dodging
 + Level 3.3 Unarmed Combat
 + Level 2.3 Spellcasting
 + Level 2.4 Transmutations


You had 3 spell levels left.
You knew the following spells:

 Your Spells              Type           Power      Damage    Failure   Level
a - Beastly Appendage     Tmut           18%        N/A       8%          1
b - Wereblood             Tmut           9%         N/A       12%         2

Your spell library contained the following spells:

 Spells                   Type           Power      Damage    Failure   Level
 Spider Form              Tmut/Pois      5%         N/A       36%         3
 Gell's Gravitas          Tloc           1%         N/A       54%         3
 Lesser Beckoning         Tloc           1%         N/A       54%         3
 Teleport Other           Tloc           1%         N/A       54%         3
 Ice Form                 Ice/Tmut       5%         N/A       78%         4


Dungeon Overview and Level Annotations

Branches:
Dungeon (2/15)

Altars:

Annotations:
D:2 Sigmund


Innate Abilities, Weirdness & Mutations

Your plain brown scales are hard. (AC +5)
You cannot fit into any form of body armour.
You are cold-blooded and may be slowed by cold attacks.


Message History

You are confused.
Your transformation is almost over.
Sigmund drinks a potion.
Sigmund seems to speed up.
Sigmund points at you and mumbles some strange words.
You are more confused.
You bump into the rock wall.
You bump into the rock wall.
Sigmund points at you and mumbles some strange words.
The puff of flame hits you. You resist.
Sigmund screams, "Only death can liberate you!"
Sigmund hits you from afar with a +4 scythe of venom.
You are poisoned.
You bump into the rock wall.
You feel very sick. Sigmund gestures at you while chanting.
You are more confused.
You feel very sick. Sigmund casts a spell at you. The magic dart hits you!
Your horns disappear.
Your talons disappear.
* * * LOW HITPOINT WARNING * * *
You feel sick. Sigmund casts a spell at you. The puff of flame hits you.
You resist.
* * * LOW HITPOINT WARNING * * *
* * * LOW HITPOINT WARNING * * *
You feel sick. Sigmund casts a spell at you. The magic dart hits you.
* * * LOW HITPOINT WARNING * * *
You bump into the rock wall.
* * * LOW HITPOINT WARNING * * *
You feel sick. Sigmund gestures at you while chanting.
You resist with significant effort.
Sigmund points at you and mumbles some strange words.
You resist with significant effort.
Unknown command.
You bump into the rock wall.
You die...

.## ##. .8...8. .... ..
.....@. #....####
#.#...8... #.......###
..#...#
#....##...####.$.#
#..............#
#....#.##.#.@..# #...
#..#...#..# #..
##.†@.†...# #.
##†###.....# # ##.#
#.#.#..#
####..###...##.#
###....[..##..# ##
##.............. ####
##.♣♣.♣...........
...####.♣..♣♣♣....####.
.......♣♣♣♣♣ ♣♣♣♣.#


You could see Sigmund (fast).

Vanquished Creatures
  An adder (D:2)
  An adder skeleton (D:2)
  2 dart slugs (D:2)
  4 endoplasms (D:1)
  A giant cockroach (D:2)
  3 goblins (D:1)
  2 hobgoblins (D:2)
  3 jackals (D:2)
  2 ball pythons (D:1)
  3 bats (D:1)
  4 frilled lizards
  A kobold (D:1)
  4 rats
31 creatures vanquished.

Notes
Turn   | Place    | Note
-------+----------+-------------------------------------------
     0 | D:1      | siradein the Draconian Transmuter began the quest for the
                  | Orb.
     0 | D:1      | Reached XP level 1. HP: 16/16 MP: 3/3
   485 | D:1      | Reached XP level 2. HP: 20/23 MP: 3/5
   526 | D:1      | Learned a level 2 spell: Wereblood
  1292 | D:2      | Found a faded altar of an unknown god.
  1349 | D:2      | Noticed Sigmund
  1350 | D:2      | Reached XP level 3. HP: 27/29 MP: 4/6
  1421 | D:2      | HP: 1/29 [poisoned by Sigmund]
  1422 | D:2      | Succumbed to Sigmund's poison

Illustrated notes

Levels and vault maps discovered:
D:1:      dpeg_arrival_arbitrary_c, layout_basic
D:2:      minmay_spotlight, layout_rooms, chequers_ecumenical_altar_grove,
          grunt_ministairs_2, uniq_sigmund, uniq_crazy_yiuf_cottage

Skill      XL: |  1  2 |
---------------+-------+-----
Dodging        | 2 |  2.2
Fighting       | |  1.9
Unarmed Combat | |  3.3
Spellcasting   | |  2.3
Transmutations | |  2.4

Action                   || total
-------------------------++-------
Melee: Unarmed           ||    74
       Headbutt          ||     9
       Kick              ||    10
       Tailslap          ||     5
 Cast: Beastly Appendage ||    24
       Wereblood         ||     1
 Stab: Sleeping          ||     2
Armor: Skin              ||    26
Dodge: Dodged            ||    54

Table legend: (Time is in decaauts)
 A = Elapsed time spent in this place.
 B = Non-inter-level travel time spent in this place.
 C = Inter-level travel time spent in this place.
 D = Time resting spent in this place.
 E = Time spent auto-exploring this place.
 F = Levels seen in this place.
 G = Mean time per level.
                   A        B        C        D        E       F      G
               +--------+--------+--------+--------+--------+-----+--------+
         Total |   1421 |   1390 |     31 |      0 |   1167 |   2 |  710.5 |
       Dungeon |   1421 |   1390 |     31 |      0 |   1167 |   2 |  710.5 |
               +--------+--------+--------+--------+--------+-----+--------+

Top non-repeatable levels by time:
     D:1: 1094 daAuts
     D:2: 327 daAuts
